 Dungeon Crawl Stone Soup version 0.22-a0-377-g846bec1a06 (webtiles) character file.

88 D1HalberdGnoll the Firebug (level 4, -1/25 HPs)
             Began as a Deep Elf Fire Elementalist on Apr 27, 2018.
             Slain by an adder (3 damage)
             ... on level 3 of the Dungeon.
             The game lasted 00:04:47 (2021 turns).

D1HalberdGnoll the Firebug (DEFE)                   Turns: 2021, Time: 00:04:48

Health: -1/25      AC:  3    Str:  5    XL:     4   Next: 29%
Magic:  1/11       EV: 13    Int: 21    God:
Gold:   142        SH:  0    Dex: 15    Spells: 6/10 levels left

rFire    . . .     SeeInvis .   b - +0 whip
rCold    + . .     Gourm    .   (no shield)
rNeg     . . .     Faith    .   e - +1 robe
rPois    .         Spirit   .   (no helmet)
rElec    .         Reflect  .   (no cloak)
rCorr    .         Harm     .   (no gloves)
MR       .....                  (no boots)
Stlth    ++........             (no amulet)
HPRegen  0.08/turn              i - ring of protection from cold
MPRegen  0.12/turn              (no ring)

@: very slightly contaminated
A: no striking features
a: no special abilities


You were on level 3 of the Dungeon.
You were not hungry.

You visited 1 branch of the dungeon, and saw 3 of its levels.

You collected 142 gold pieces.

Inventory:

Hand Weapons
 b - a +0 whip (weapon)
Armour
 e - a +1 robe (worn)
Jewellery
 i - a ring of protection from cold (left hand)
Scrolls
 a - a scroll of remove curse
 d - a scroll of enchant armour
 f - a scroll of magic mapping
 h - a scroll of identify
Comestibles
 c - 8 rations


   Skills:
 + Level 1.0 Fighting
 + Level 3.1 Dodging
 - Level 2.4 Stealth
 + Level 3.6 Spellcasting
 + Level 2.1 Conjurations
 * Level 4.2 Fire Magic


You had 6 spell levels left.
You knew the following spells:

 Your Spells              Type           Power        Failure   Level  Hunger
a - Flame Tongue          Conj/Fire      ###..        3%          1    None
b - Conjure Flame         Conj/Fire      ###.....     10%         3    ###....


Dungeon Overview and Level Annotations

Branches:
Dungeon (3/15)

Altars:

Portals:
Sewer: D:3


Message History

Press: ? - help, Shift-Dir - straight line, f - adder
Aim: an adder The flame tongue hits the adder.
You kill the adder!
The adder closely misses you.
Casting: Flame Tongue (safe; 3% risk of failure)
Confirm with . or Enter, or press ? or * to list all spells.
Aiming: Flame Tongue (safe; 3% risk of failure)
Press: ? - help, Shift-Dir - straight line, f - adder
Aim: an adder (heavily wounded)
The flame tongue hits the adder.
The adder is severely wounded.
The adder bites you but does no damage.
Casting: Flame Tongue (safe; 3% risk of failure)
Confirm with . or Enter, or press ? or * to list all spells.
Aiming: Flame Tongue (safe; 3% risk of failure)
Press: ? - help, Shift-Dir - straight line, f/p - adder
Aim: an adder (severely wounded)
You miscast Flame Tongue.
Nothing appears to happen.
The adder bites you.
You die...

######## #......###
#########...†....#
#.....@Ss..##'##.#
#.###.###†.#≈≈≈#.#
#.###.####.#≈≈≈#.# ####
#.#........#≈∩≈#.#
...########..........#≈≈≈#.#
.....................#≈≈≈#[##
....####.###.........#####..#
......##+#..................#
...##.#.........##########..#


You could see an adder and a giant cockroach.

Vanquished Creatures
  5 adders
  2 dart slugs (D:1)
  A leopard gecko (D:3)
  3 orcs (D:3)
  A ball python (D:2)
  5 bats
  3 giant cockroaches
  4 hobgoblins (D:1)
  A quokka (D:3)
  3 frilled lizards (D:1)
  3 goblins
  2 kobolds (D:1)
  6 rats
39 creatures vanquished.

Notes
Turn   | Place    | Note
-------+----------+-------------------------------------------
     0 | D:1      | D1HalberdGnoll the Deep Elf Fire Elementalist began the quest for the Orb.
     0 | D:1      | Reached XP level 1. HP: 10/10 MP: 6/6
   373 | D:1      | Reached XP level 2. HP: 15/15 MP: 6/8
  1451 | D:2      | Reached XP level 3. HP: 20/20 MP: 6/9
  1627 | D:3      | Reached skill level 4 in Fire Magic
  1936 | D:3      | Learned a level 3 spell: Conjure Flame
  1939 | D:3      | Reached XP level 4. HP: 21/24 MP: 9/11
  1957 | D:3      | Found a glowing drain.
  1980 | D:3      | Reached skill level 1 in Fighting
  2014 | D:3      | HP: 1/25 [adder (1)]
  2021 | D:3      | Slain by an adder

Vault maps used:
D:1:      lightli_arrival_flooded_house
D:3:      lemuel_round_altar, gammafunk_temple_overflow_wave,
          gup_sewer_entry_glass

Skill      XL: |  1  2  3  4 |
---------------+-------------+-----
Dodging        | 3 |  3.1
Fire Magic     | 4 |  4.2
Conjurations   | 2 |  2.1
Fighting       | 1 |  1.0
Stealth        | |  2.4
Spellcasting   | |  3.6

Action                   |  1- 3 |  4- 6 || total
-------------------------+-------+-------++-------
Melee: Whip              |     1 |     3 ||     4
 Cast: Flame Tongue      |    62 |    11 ||    73
  Use: Scroll            |       |     4 ||     4
 Stab: Sleeping          |     1 |       ||     1
  Eat: Chunk             |     3 |       ||     3
Armor: Robe              |     4 |    10 ||    14
Dodge: Dodged            |    13 |    28 ||    41

Table legend:
 A = Spawn XP
 B = Non-spawn XP
 C = Spawn XP percentage of total XP
 D = Spawn monster count
 E = Non-spawn monster count
 F = Spawn count percentage of total count
 G = Total turns spent on level
                    A         B        C        D         E        F      G
               +---------+---------+-------+---------+---------+-------+---------
         Total |       0 |     126 |   0.0 |       0 |      39 |   0.0 |  2021
               +---------+---------+-------+---------+---------+-------+---------
           D:1 |       0 |      32 |   0.0 |       0 |      20 |   0.0 |   965
           D:2 |       0 |      20 |   0.0 |       0 |       5 |   0.0 |   610
           D:3 |       0 |      74 |   0.0 |       0 |      14 |   0.0 |   446
               +---------+---------+-------+---------+---------+-------+---------
